 Dungeon Crawl Stone Soup version 0.28-a0-691-gad6df49e81 (webtiles) character file.

Game seed: 13331882777601272284

5292 ytrimaz the Cleaver (level 10, 0/95 HPs)
             Began as a Minotaur Berserker on Oct 20, 2021.
             Was an Elder of Trog.
             Slain by an unseen horror (6 damage)
             ... on level 8 of the Dungeon.
             The game lasted 00:13:58 (8375 turns).

ytrimaz the Cleaver (Minotaur Berserker)            Turns: 8375, Time: 00:13:59

Health: 0/95       AC:  8    Str: 24    XL:     10   Next: 37%
Magic:  9/9        EV: 10    Int: 10    God:    Trog [****..]
Gold:   156        SH:  5    Dex: 11    Spells: 9/9 levels left

rFire   . . .      SeeInvis .   t - +3 falchion "Jerphast" {speed, Will+ rCorr Stlth+}
rCold   . . .      Faith    .   (no shield)
rNeg    + . .      Spirit   .   m - +0 scale mail
rPois   .          Reflect  +   (helmet restricted)
rElec   .          Harm     .   h - +0 cloak
rCorr   +          Rampage  .   (no gloves)
Will    +....                   (no boots)
Stlth   +.........              c - amulet of reflection
HPRegen 0.25/turn               d - +6 ring of intelligence
MPRegen 0.11/turn               f - ring of positive energy

@: no status effects
A: horns 2, retaliatory headbutt
a: Renounce Religion, Berserk, Trog's Hand, Brothers in Arms


You were on level 8 of the Dungeon.
You worshipped Trog.
Trog was greatly pleased with you.
You visited 1 branch of the dungeon, and saw 8 of its levels.
You also visited: Sewer.

You collected 420 gold pieces.
You spent 264 gold pieces at shops.

Inventory:

Hand Weapons
 a - a +0 hand axe of flaming
 q - a +0 war axe
 t - the +3 falchion "Jerphast" (weapon) {speed, Will+ rCorr Stlth+}
   (You bought it in a shop on level 5 of the Dungeon)

   Attacks with this weapon are significantly faster.
   rCorr:     It protects you from acid and corrosion.
   Will:      It increases your willpower.
   Stlth:     It makes you more stealthy.
Armour
 h - a +0 cloak (worn)
 m - a +0 scale mail (worn)
 w - a +0 plate armour
Jewellery
 c - an amulet of reflection (around neck)
 d - a +6 ring of intelligence (left hand)
 f - a ring of positive energy (right hand)
 o - a ring of resist corrosion
 y - a ring of ice
 A - a ring of willpower
Wands
 x - a wand of paralysis (5)
Scrolls
 b - a scroll of noise
 i - 4 scrolls of identify
 n - a scroll of magic mapping
 u - a scroll of teleportation
 z - a scroll of blinking
Potions
 e - 4 potions of curing
 g - a potion of might
 k - 2 potions of lignification
 l - 2 potions of flight
 p - 2 potions of cancellation {unknown}
 r - a potion of haste
 s - a potion of brilliance {unknown}
 v - a potion of mutation {unknown}
 B - 2 potions of resistance {unknown}


   Skills:
 * Level 11.1 Fighting
 - Level 5.6 Long Blades
 * Level 13.0 Axes
 + Level 4.7 Armour
 - Level 2.1 Dodging
 - Level 4.5 Shields


You had 9 spell levels left.
You didn't know any spells.
Your spell library was empty.

Dungeon Overview and Level Annotations

Branches:
Dungeon (8/15)             Temple (0/1) D:6           Sewer (visited)
   Lair: D:8-11

Altars:
Dithmenos
Hepliaklqana
Ru

Shops:
D:3 !   D:4 [[   D:5 *

Annotations:
D:6 1 runed translucent door, Dvallin's ghost, novice TeSu


Innate Abilities, Weirdness & Mutations

You have a pair of horns on your head.
You reflexively headbutt those who attack you in melee.


Message History

You barely miss something. Something hits you.
* * * LOW HITPOINT WARNING * * *
Something hits you.
* * * LOW HITPOINT WARNING * * *
Something hits you.
* * * LOW HITPOINT WARNING * * *
Something hits you!
* * * LOW HITPOINT WARNING * * *
Okay, then.
Something hits you.
* * * LOW HITPOINT WARNING * * *
Something hits you but does no damage. Something hits you but does no damage.
Something hits you.
* * * LOW HITPOINT WARNING * * *
Something hits you.
* * * LOW HITPOINT WARNING * * *
Items here: )) [ ††.
Something hits you!
* * * LOW HITPOINT WARNING * * *
Something hits you but does no damage.
Things that are here:
a +0 whip; an orc corpse; an acid dragon corpse You feel much better.
You block something's attack. Something hits you.
* * * LOW HITPOINT WARNING * * *
Something completely misses you. Something hits you.
* * * LOW HITPOINT WARNING * * *
You block something's attack. Something hits you but does no damage.
Something hits you.
* * * LOW HITPOINT WARNING * * *
Something hits you.
* * * LOW HITPOINT WARNING * * *
Something hits you.
* * * LOW HITPOINT WARNING * * *
Something hits you.
* * * LOW HITPOINT WARNING * * *
Something hits you!
* * * LOW HITPOINT WARNING * * *
Something hits you.
You die...

# .....oDo#..#.# #
.5...#..#..#.# ##
#### ..##..#.# .#
#..#.).#.# .#
#..#...#.# .#
#..#...#.# ##
#..##..#.# # #..#.#
# #))#@# # #####
##)#{# ####...####
#)..#
##.........###...##
......#...........#
#(.##...####...#.##
#..##.#....)......#
#.........))...#.##
#..##..........#.#


There were no monsters in sight!

Vanquished Creatures
  A centaur warrior (D:8)
  A skeletal warrior (D:8)
  2 centaur zombies
  Grinder (D:3)
  Eustachio (D:4)
  2 steam dragons
  2 acid dragons (D:8)
  2 water moccasins (D:7)
  2 orc warriors (D:8)
  A sky beast (D:7)
  A black bear (D:6)
  3 ice beasts
  2 hornet zombies
  An ogre (D:5)
  2 necrophages (D:5)
  A centaur (D:5)
  2 kobold brigands
  3 bullfrogs
  4 scorpions (D:6)
  A wyvern skeleton (D:6)
  A water moccasin skeleton (D:7)
  4 jellies
  3 hounds
  A bullfrog skeleton (D:5)
  2 orc priests
  2 gnoll shamans
  A centaur skeleton (D:5)
  4 iguanas
  4 orc wizards
  A killer bee zombie (D:6)
  A hound zombie (D:5)
  A howler monkey zombie (D:8)
  11 gnolls
  5 adders
  3 river rats (Sewer)
  A shadow imp (D:7)
  An ufetubus (D:7)
  An adder zombie (D:5)
  2 adder skeletons (D:4)
  A worm (D:5)
  4 dart slugs
  19 orcs
  3 ball pythons
  6 endoplasms
  5 giant cockroaches
  6 goblins
  7 hobgoblins
  2 jackals (Sewer)
  4 quokkas
  4 bats
  4 frilled lizards
  12 kobolds
  4 rats
165 creatures vanquished.

Vanquished Creatures (others)
  A sky beast (D:8)
  An orc wizard (D:3)
  A plant (D:1)
3 creatures vanquished.

Grand Total: 168 creatures vanquished

Notes
Turn   | Place    | Note
-------+----------+-------------------------------------------
     0 | D:1      | ytrimaz the Minotaur Berserker began the quest for the Orb.
     0 | D:1      | Reached XP level 1. HP: 19/19 MP: 0/0
   217 | D:1      | Reached skill level 4 in Axes
   231 | D:1      | Reached XP level 2. HP: 27/27 MP: 1/1
   255 | D:1      | Found a faded altar of an unknown god.
   705 | D:2      | Reached ** piety under Trog
   831 | D:2      | Reached XP level 3. HP: 34/34 MP: 2/2
  1265 | D:3      | Found a glowing drain.
  1290 | Sewer    | Entered a sewer
  1307 | Sewer    | Reached skill level 5 in Fighting
  1307 | Sewer    | Reached XP level 4. HP: 27/42 MP: 3/3
  1458 | Sewer    | Noticed a kobold brigand
  1466 | Sewer    | Reached skill level 5 in Axes
  1466 | Sewer    | Killed a kobold brigand
  1467 | Sewer    | Reached XP level 5. HP: 48/48 MP: 4/4
  1637 | Sewer    | Found a white marble altar of Elyvilon.
  2088 | D:3      | Noticed an ice beast
  2094 | D:3      | Killed an ice beast
  2095 | D:3      | Reached skill level 6 in Axes
  2095 | D:3      | Reached skill level 1 in Shields
  2095 | D:3      | Reached XP level 6. HP: 57/57 MP: 5/5
  2243 | D:3      | Found Diphuiggi's Distillery.
  2250 | D:3      | Bought a potion of might for 48 gold pieces
  2341 | D:3      | Noticed Grinder
  2341 | D:3      | Paralysed by Grinder for 3 turns
  2350 | D:3      | Killed Grinder
  2351 | D:3      | Reached skill level 7 in Axes
  2454 | D:3      | Found a shadowy altar of Dithmenos.
  2727 | D:4      | Reached *** piety under Trog
  2818 | D:4      | Noticed Eustachio
  2828 | D:4      | Reached XP level 7. HP: 64/64 MP: 6/6
  2847 | D:4      | Killed Eustachio
  2848 | D:4      | Reached skill level 8 in Axes
  2871 | D:4      | Found Byir's Armour Shoppe.
  2982 | D:4      | Found Izustropt's Armour Shoppe.
  3477 | D:5      | Entered Level 5 of the Dungeon
  3485 | D:5      | Reached skill level 9 in Axes
  3729 | D:5      | Found Nixorch's Assorted Antiques.
  3733 | D:5      | Reached XP level 8. HP: 73/73 MP: 7/7
  3954 | D:5      | Reached skill level 10 in Axes
  4329 | D:5      | Reached skill level 11 in Axes
  4589 | D:6      | Found a sacrificial altar of Ru.
  4600 | D:6      | Reached **** piety under Trog
  4707 | D:6      | Found a runed translucent door.
  4716 | D:6      | Reached XP level 9. HP: 45/82 MP: 8/8
  4764 | D:6      | Reached skill level 12 in Axes
  5035 | D:6      | Noticed Dvallin's ghost (novice TeSu)
  5221 | D:6      | Found a staircase to the Ecumenical Temple.
  5715 | D:5      | Bought a brightly glowing falchion for 216 gold pieces
  5715 | D:5      | Identified the +3 falchion "Jerphast" {speed, Will+ rCorr
                  | Stlth+} (You bought it in a shop on level 5 of the Dungeon)
  5865 | D:7      | Reached skill level 1 in Long Blades
  6260 | D:7      | Reached skill level 10 in Fighting
  7325 | D:8      | Found a hazy altar of Hepliaklqana.
  7462 | D:8      | Noticed a centaur warrior
  7475 | D:8      | Killed a centaur warrior
  7476 | D:8      | Reached skill level 5 in Long Blades
  7476 | D:8      | Reached XP level 10. HP: 15/94 MP: 9/9
  8106 | D:8      | Noticed a skeletal warrior
  8129 | D:8      | Killed a skeletal warrior
  8157 | D:8      | Reached skill level 13 in Axes
  8365 | D:8      | HP: 2/95 [something (9)]
  8375 | D:8      | Slain by an unseen horror

Illustrated notes

Levels and vault maps discovered:
D:1:      minmay_arrival_jagged, layout_rooms,
          hellmonk_ecumenical_altar_heavens_door, serial_bayou_pond_a,
          minmay_misc_feat_tower
D:2:      minmay_inner_zag, layout_basic
D:3:      layout_loops_ring, grunt_dithmenos_smoke_and_mirrors,
          portal_sewer_entry_f, serial_shops, shop, uniq_grinder
D:4:      layout_loops_cross, serial_shops, kennysheep_mini,
          nicolae_shop_crystal, uniq_eustachio
D:5:      layout_rooms, serial_shops, nicolae_shop_statue_plus,
          kennysheep_potato
D:6:      layout_gridville, nicolae_ru_great_annihilating_truth,
          minmay_temple_entry_sparse_star, ebering_ghost_sewer_d,
          minmay_splitting_lines, chequers_serial_rivers_small_a, hex_large,
          minmay_misc_feat_tiny, chequers_serial_rivers_micro_b
D:7:      layout_layer_cave, st_stairs_6
D:8:      minmay_the_grid_square_5x5_3x3 [minmay_the_grid_square_5x5_minibox,
          minmay_the_grid_square_5x5_n_small,
          minmay_the_grid_square_5x5_two_small,
          minmay_the_grid_square_5x5_trominoes,
          minmay_the_grid_square_5x5_megaprize_open,
          minmay_the_grid_square_5x5_eight,
          minmay_the_grid_square_5x5_bracketed,
          minmay_the_grid_square_5x5_checkered_sparse,
          minmay_the_grid_square_5x5_beaten_path], layout_basic,
          mainiacjoe_overflow_alcove_1, minmay_misc_feat_hallway,
          minmay_pinched_square

Skill      XL: |  1  2  3  4  5  6  7  8  9 10 |
---------------+-------------------------------+-----
Axes           | 4 5 6 7 9 11 12 13 | 13.0
Fighting       | 4 5 6 7 8 10 11 | 11.1
Shields        | 1 2 3 4 |  4.5
Long Blades    | 5 |  5.6
Armour         | 3 4 |  4.7
Dodging        | |  2.1

Action                   |  1- 3 |  4- 6 |  7- 9 | 10-12 || total
-------------------------+-------+-------+-------+-------++-------
Melee: Hand axe          |    70 |    71 |   168 |       ||   309
       Headbutt          |    11 |    12 |    48 |    12 ||    83
       Falchion          |       |       |   106 |    70 ||   176
Invok: Berserk           |     1 |     6 |     6 |     1 ||    14
       Trog's Hand       |     1 |     1 |       |     1 ||     3
  Use: Scroll            |     3 |     3 |     3 |       ||     9
       Potion            |       |       |     3 |     3 ||     6
 Stab: Sleeping          |     2 |       |       |       ||     2
       Paralysed         |       |       |     1 |       ||     1
Armor: Animal skin       |    13 |     9 |       |       ||    22
       Scale mail        |       |     5 |    92 |    27 ||   124
Dodge: Dodged            |    54 |    28 |   126 |    27 ||   235
Block: Other             |    22 |     9 |    66 |    18 ||   115
       Reflection        |     4 |       |     1 |     1 ||     6

Table legend: (Time is in decaauts)
 A = Elapsed time spent in this place.
 B = Non-inter-level travel time spent in this place.
 C = Inter-level travel time spent in this place.
 D = Time resting spent in this place.
 E = Time spent auto-exploring this place.
 F = Levels seen in this place.
 G = Mean time per level.
                   A        B        C        D        E       F      G
               +--------+--------+--------+--------+--------+-----+--------+
         Total |   8484 |   8250 |    234 |   2086 |   4657 |   9 |  942.7 |
       Dungeon |   7999 |   7765 |    234 |   1860 |   4498 |   8 |  999.9 |
         Sewer |    484 |    484 |      0 |    226 |    158 |   1 |  484.0 |
               +--------+--------+--------+--------+--------+-----+--------+

Top non-repeatable levels by time:
     D:6: 1366 daAuts
     D:8: 1349 daAuts
     D:7: 1267 daAuts
     D:3: 1182 daAuts
     D:5: 913 daAuts
     D:4: 691 daAuts
     D:2: 642 daAuts
     D:1: 587 daAuts
   Sewer: 484 daAuts
